 Dungeon Crawl Stone Soup version 0.29-a0-1027-gcd8c55af63 (webtiles) character file.

Game seed: 15262215778198181995

32 Nedwor the Cutter (level 3, -2/23 HPs)
             Began as a Kobold Fighter on Aug 12, 2022.
             Slain by a goblin
             ... wielding a +0 club
             ... led by Robin
              (4 damage)
             ... on level 2 of the Dungeon.
             The game lasted 00:01:31 (1127 turns).

Nedwor the Cutter (Kobold Fighter)                  Turns: 1127, Time: 00:01:32

Health: -2/23      AC:  6    Str: 13    XL:     3   Next: 45%
Magic:  3/3        EV: 10    Int:  9    God:
Gold:   45         SH:  5    Dex: 16    Spells: 2/2 levels left

rFire   . . .      SeeInvis .   a - +0 rapier
rCold   . . .      Faith    .   c - +0 buckler
rNeg    . . .      Spirit   .   b - +0 scale mail
rPois   .          Reflect  .   (no helmet)
rElec   .          Harm     .   (no cloak)
rCorr   .          Rampage  .   (no gloves)
Will    .....                   (no boots)
Stlth   ++........              (no amulet)
HPRegen 0.07/turn               (no ring)
MPRegen 0.08/turn               (no ring)

@: no status effects
A: small, no large weapons, nightstalker 3
a: no special abilities


You were on level 2 of the Dungeon.
You visited 1 branch of the dungeon, and saw 2 of its levels.

You collected 45 gold pieces.

Inventory:

Hand Weapons
 a - a +0 rapier (weapon)
Armour
 b - a +0 scale mail (worn)
 c - a +0 buckler (worn)
Jewellery
 k - a +4 ring of protection
Scrolls
 f - a scroll of brand weapon {unknown}
 g - a scroll of noise {unknown}
 j - a scroll of enchant weapon {unknown}
Potions
 d - a potion of might
 e - a potion of cancellation {unknown}
 h - a potion of curing {unknown}
 i - 2 potions of heal wounds {unknown}
 l - a potion of brilliance {unknown}


   Skills:
 + Level 3.5 Fighting
 * Level 3.6 Short Blades
 + Level 2.5 Armour
 + Level 0.8 Dodging
 + Level 1.2 Stealth
 + Level 2.5 Shields


You had 2 spell levels left.
You didn't know any spells.
Your spell library contained the following spells:

 Spells                   Type           Power      Damage    Failure   Level
 Shock                    Conj/Air       0%         1d3       96%         1
 Swiftness                Air            0%         N/A       100%        3
 Airstrike                Air            0%         2d(0-16)  100%        4


Dungeon Overview and Level Annotations

Branches:
Dungeon (2/15)

Altars:

Shops:
D:1 =

Annotations:
D:2 Robin


Innate Abilities, Weirdness & Mutations

You are small and have problems with some larger weapons.
You are completely attuned to the shadows.


Message History

The goblin hits you but does no damage. You block the goblin's attack.
Robin roars a battlecry!
The goblin goes into a battle-frenzy!
You puncture the goblin!
You kill the goblin!
The goblin barely misses you. The goblin hits you with a +0 club.
The hobgoblin barely misses you. The goblin hits you but does no damage.
Robin throws the goblin at you!
You completely miss the goblin. The goblin barely misses you.
A goblin comes into view. It is wielding a +0 dagger.
The hobgoblin hits you but does no damage.
A goblin comes into view. It is wielding a +0 club.
The goblin hits you with a +0 dagger. x2; The goblin hits you with a +0 club.
You hit the goblin but do no damage. The goblin completely misses you.
The goblin barely misses you. The hobgoblin barely misses you.
A goblin comes into view. It is wielding a +2 dagger of venom.
The goblin misses you. The goblin barely misses you.
You barely miss the goblin. The goblin hits you with a +0 club.
The goblin hits you with a +0 dagger. The hobgoblin barely misses you.
The goblin barely misses you. The goblin hits you with a +0 club.
* * * LOW HITPOINT WARNING * * *
Unknown command.
You puncture the goblin!
You kill the goblin!
An adder comes into view.
You block the goblin's attack. The goblin hits you but does no damage.
The hobgoblin hits you but does no damage.
The goblin hits you but does no damage. Robin throws the goblin at you!
You closely miss the goblin.
The adder hisses angrily.
The goblin barely misses you. The hobgoblin hits you.
* * * LOW HITPOINT WARNING * * *
You block the goblin's attack. The goblin closely misses you.
You block the goblin's attack. Robin hits you but does no damage.
You puncture the goblin!
You kill the goblin!
The goblin hits you but does no damage. The hobgoblin misses you.
The goblin hits you but does no damage. Robin hits you but does no damage.
The goblin hits you with a +0 club.
You die...

##....####......
................
##....####.....#
##....#..'.....#
.#....#.##.....#
.######.##.....####.
.# #.##.....#...
.######.##.....#)####
........##.....g@gg..
.#########.....ggg...
.# #......Sg... ##
####....... #
#....... # #....... #
# #


You could see Robin, an adder, a hobgoblin (strong) and 5 goblins.

Vanquished Creatures
  A dart slug (D:1)
  3 endoplasms
  9 goblins
  2 hobgoblins
  A jackal (D:2)
  7 ball pythons
  3 bats (D:1)
  A frilled lizard (D:1)
  A kobold (D:1)
  2 rats (D:1)
30 creatures vanquished.

Notes
Turn   | Place    | Note
-------+----------+-------------------------------------------
     0 | D:1      | Nedwor the Kobold Fighter began the quest for the Orb.
     0 | D:1      | Reached XP level 1. HP: 14/14 MP: 1/1
    94 | D:1      | Found Jybrifusch's Jewellery Shoppe.
   129 | D:1      | Reached XP level 2. HP: 19/19 MP: 2/2
   315 | D:1      | Found a faded altar of an unknown god.
   697 | D:1      | Reached skill level 1 in Stealth
   698 | D:1      | Reached XP level 3. HP: 23/23 MP: 3/3
  1112 | D:2      | Noticed Robin
  1126 | D:2      | HP: 1/23 [hobgoblin[Robin] (2)]
  1127 | D:2      | Slain by a goblin

Illustrated notes

Levels and vault maps discovered:
D:1:      dpeg_arrival_pond, layout_loops_cross,
          hellmonk_ecumenical_altar_heavens_door, serial_shops, shop
D:2:      layout_basic, uniq_robin

Skill      XL: |  1  2 |
---------------+-------+-----
Short Blades   | 3 |  3.6
Stealth        | 1 |  1.2
Fighting       | |  3.5
Armour         | |  2.5
Dodging        | |  0.8
Shields        | |  2.5

Action                   || total
-------------------------++-------
Melee: Rapier            ||    86
 Stab: Sleeping          ||     4
Armor: Scale mail        ||    45
Dodge: Dodged            ||    60
Block: Buckler           ||    34

Table legend: (Time is in decaauts)
 A = Elapsed time spent in this place.
 B = Non-inter-level travel time spent in this place.
 C = Inter-level travel time spent in this place.
 D = Time resting spent in this place.
 E = Time spent auto-exploring this place.
 F = Levels seen in this place.
 G = Mean time per level.
                   A        B        C        D        E       F      G
               +--------+--------+--------+--------+--------+-----+--------+
         Total |   1135 |   1122 |     13 |      0 |    961 |   2 |  567.5 |
       Dungeon |   1135 |   1122 |     13 |      0 |    961 |   2 |  567.5 |
               +--------+--------+--------+--------+--------+-----+--------+

Top non-repeatable levels by time:
     D:1: 918 daAuts
     D:2: 216 daAuts
